 Dungeon Crawl Stone Soup version 0.31-a0-112-gdf0485fa37 (webtiles) character file.

Game seed: 1067160981109402639

80 Conn the Sneak (level 4, -4/27 HPs)
             Began as an Octopode Fire Elementalist on May 28, 2023.
             Slain by a gnoll
             ... wielding a +0 halberd
             ... led by a gnoll bouda
              (12 damage)
             ... on level 3 of the Dungeon.
             The game lasted 00:03:55 (2010 turns).

Conn the Sneak (Octopode Fire Elementalist)         Turns: 2010, Time: 00:03:55

Health: -4/27      AC:  1    Str:  7    XL:     4   Next: 39%
Magic:  5/8        EV: 13    Int: 19    God:
Gold:   40         SH:  0    Dex: 16    Spells: 7/8 levels left

rFire   . . .        j - +5 hand axe of Ugammin {flame, Dex+4}
rCold   . . .        (no shield)
rNeg    . . .        (helmet restricted)
rPois   .            (no amulet)
rElec   .            (no ring)
rCorr   .            (no ring)
SInv    .            (no ring)
Will    .....        (no ring)
Stlth   ++++         (no ring)
HPRegen 0.24/turn    (no ring)
MPRegen 0.11/turn    (no ring)
                     (no ring)

%: no passive effects
@: no status effects
A: almost no armour, amphibious, 8 rings, camouflage 1, gelatinous body 1,
(nimble swimmer 1), tentacles
a: no special abilities


You were on level 3 of the Dungeon.
You visited 1 branch of the dungeon, and saw 3 of its levels.

You collected 40 gold pieces.

Inventory:

Hand Weapons
 d - a +0 short sword
 j - the +5 hand axe of Ugammin (weapon) {flame, Dex+4}
   (You found it on level 2 of the Dungeon)

   Dex:       It affects your dexterity (+4).
Scrolls
 b - a scroll of fog {unknown}
 e - a scroll of blinking {unknown}
 f - 3 scrolls of identify {unknown}
 i - a scroll of teleportation {unknown}
 k - a scroll of vulnerability {unknown}
 l - a scroll of silence {unknown}
 m - 3 scrolls of magic mapping {unknown}
Potions
 a - a potion of magic
 c - 2 potions of curing
 g - a potion of resistance {unknown}
 h - a potion of attraction {unknown}
 n - 2 potions of heal wounds {unknown}


   Skills:
 + Level 0.3 Fighting
 + Level 0.2 Short Blades
 + Level 0.1 Axes
 + Level 2.1 Dodging
 + Level 3.6 Stealth
 + Level 2.9 Spellcasting
 + Level 1.5 Conjurations
 + Level 3.5 Fire Magic


You had 7 spell levels left.
You knew the following spells:

 Your Spells              Type           Power      Damage    Failure   Level
a - Foxfire               Conj/Fire      48%        2x1d6     5%          1

Your spell library contained the following spells:

 Spells                   Type           Power      Damage    Failure   Level
 Scorch                   Fire           32%        2d6       5%          2
 Inner Flame              Hex/Fire       9%         N/A       22%         3
 Volatile Blastmotes      Fire/Tloc      18%        2d11      22%         3
 Vhi's Electric Charge    Tloc/Air       4%         N/A       43%         3
 Flame Wave               Conj/Fire      12%        2d6       47%         4
 Arcjolt                  Conj/Air       2%         1d12      97%         5
 Maxwell's Capacitive Co  Air            1%         ∞         100%        8


Dungeon Overview and Level Annotations

Branches:
Dungeon (3/15)

Altars:
Vehumet


Innate Abilities, Weirdness & Mutations

You cannot wear most types of armour.
You are amphibious.
You can wear up to eight rings at the same time.
Your skin changes colour to match your surroundings (Stealth+).
Your rubbery body absorbs attacks. (AC +1, EV +1)
((You are camouflaged when in or above water. (Stealth+)))
You have tentacles for arms and can constrict up to eight enemies at once.


Message History

The gnoll bouda is heavily wounded.
The foxfire hits the gnoll bouda.
The gnoll bouda is severely wounded.
The foxfire hits the gnoll bouda.
The gnoll bouda is severely wounded.
The gnoll bouda hits you with a +0 whip!
The gnoll shouts!
You hit the gnoll bouda but do no damage.
Your grab misses the gnoll bouda.
The gnoll bouda is severely wounded.
The gnoll is no longer moving quickly.
The gnoll bouda hits you with a +0 whip.
Unknown command.
It was a potion of curing.
You feel better.
Your attacks no longer feel as feeble.
The gnoll bouda hits you with a +0 whip!
* * * LOW HITPOINT WARNING * * *
Press: ? - help, v - describe, . - travel
Here: a gnoll bouda, wielding a +0 whip and wearing a +0 robe (severely wounded)
The floor.
Unknown command.
Unknown command.
Unknown command.
Okay, then.
Unknown command.
Casting: Foxfire (safe; 5% risk of failure)
Confirm with . or Enter, or press ? or * to list all spells.
Okay, then.
Unknown command.
You feel better.
The gnoll is no longer moving quickly.
You barely miss the gnoll bouda.
The hobgoblin shouts!
You grab the gnoll bouda. Your squeeze misses the gnoll bouda.
The gnoll bouda is severely wounded.
You hit the gnoll. You burn the gnoll.
You constrict the gnoll bouda, but do no damage.
The gnoll bouda hits you with a +0 whip.
* * * LOW HITPOINT WARNING * * *
The gnoll hits you from afar with a +0 halberd!
You die...

.......##...# .#
....#.###>.##.#
#.....#......#
###......†.....######
#............<.......
#..†.........#####.
#.....#..)...#
#..#.####g##.# ####
#..g...g.@.$.####
.....##.#.####g.......
.PPP...g......########
....P.#.#.###.#
gg..P.#.#.# #.# ..PP.
#.#.# #.# P...P #.#.#
#.# g... #.#.# #.#


PP.P ..#.# #.. You could see a gnoll bouda, 2 gnolls and a hobgoblin.

Vanquished Creatures
  A gnoll (D:3)
  2 adders (D:2)
  2 dart slugs
  An orc (D:3)
  4 bats
  An endoplasm (D:2)
  A giant cockroach (D:1)
  10 hobgoblins
  6 kobolds
  2 quokkas
  A ball python (D:3)
  7 frilled lizards
  7 goblins
  2 rats
47 creatures vanquished.

Vanquished Creatures (others)
  72 foxfires
72 creatures vanquished.

Grand Total: 119 creatures vanquished

Notes
Turn   | Place    | Note
-------+----------+-------------------------------------------
     0 | D:1      | Conn the Octopode Fire Elementalist began the quest for the
                  | Orb.
     0 | D:1      | Reached XP level 1. HP: 11/11 MP: 3/3
   212 | D:1      | Reached XP level 2. HP: 17/17 MP: 5/5
   739 | D:1      | Reached XP level 3. HP: 21/21 MP: 0/6
  1197 | D:2      | Found a radiant altar of Vehumet.
  1437 | D:2      | Identified the +5 hand axe of Ugammin {flame, Dex+4}
  1771 | D:2      | Reached XP level 4. HP: 27/27 MP: 8/8
  2010 | D:3      | Slain by a gnoll

Illustrated notes

Levels and vault maps discovered:
D:1:      dpeg_arrival_rooms_b, layout_loops_corners
D:2:      layout_basic, basic_altar
D:3:      layout_loops_ring, kennysheep_okawaru_gauntlet, nicolae_grassy_gnolls

Skill      XL: |  1  2 |
---------------+-------+-----
Stealth        | 3 |  3.6
Fighting       | |  0.3
Short Blades   | |  0.2
Axes           | |  0.1
Dodging        | |  2.1
Spellcasting   | |  2.9
Conjurations   | |  1.5
Fire Magic     | |  3.5

Action                     |  1- 3 |  4- 6 || total
---------------------------+-------+-------++-------
  Melee: Short sword       |    36 |       ||    36
         Constrict         |    12 |     3 ||    15
         Tentacles         |     6 |       ||     6
         Hand axe          |    10 |     8 ||    18
         Punch             |     1 |       ||     1
   Cast: Foxfire           |    38 |     6 ||    44
    Use: Potion            |       |     2 ||     2
   Stab: Sleeping          |     5 |     2 ||     7
         Distracted        |     1 |       ||     1
 Armour: Skin              |     2 |       ||     2
  Dodge: Dodged            |    33 |       ||    33

Table legend: (Time is in decaauts)
 A = Elapsed time spent in this place.
 B = Non-inter-level travel time spent in this place.
 C = Inter-level travel time spent in this place.
 D = Time resting spent in this place.
 E = Time spent auto-exploring this place.
 F = Levels seen in this place.
 G = Mean time per level.
                   A        B        C        D        E       F      G
               +--------+--------+--------+--------+--------+-----+--------+
         Total |   2013 |   1950 |     63 |      0 |   1449 |   3 |  671.0 |
       Dungeon |   2013 |   1950 |     63 |      0 |   1449 |   3 |  671.0 |
               +--------+--------+--------+--------+--------+-----+--------+

Top non-repeatable levels by time:
     D:1: 1147 daAuts
     D:2: 820 daAuts
     D:3: 45 daAuts
